General information
- name: BNet
- type: Ladder team game (AT/RT)
- host: Battle.net
- saver: BuddyTheElf
map: Battleground
- players: 8
- length: 37:42
- speed: Fast
- version: 1.26 W3XP
- replay type: Public
» download(210 KB)
Players
team 1 (winner)
MomoiroMizrahi (
blue | 54 APM | 1088 actions | 20:16)
4 Naga Sea Witch
2 Forked Lightning
2 Mana Shield
1 Death Knight
1 Death Coil
» actions
| Assign group hotkey | 7 | |
| Basic commands | 29 | |
| Build / train | 73 | |
| ESC pressed | 5 | |
| Enter build submenu | 14 | |
| Enter hero's abilities submenu | 5 | |
| Right click | 610 | |
| Select / deselect | 235 | |
| Select group hotkey | 20 | |
| Use ability | 90 | |
1088 total
» units
| Acolyte | 25 | |
| Ghoul | 3 | |
| Necromancer | 11 | |
| Frost Wyrm | 1 | |
40 total
» upgrades
| Necromancer Training | 2 | |
| Skeletal Longevity | 1 | |
| Skeletal Mastery | 1 | |
| Unholy Armor | 2 | |
| Unholy Strength | 2 | |
| Freezing Breath | 1 | |
| Creature Attack | 2 | |
| Creature Carapace | 2 | |
13 total
» buildings
| Ziggurat | 5 | |
| Crypt | 1 | |
| Altar of Darkness | 1 | |
| Nerubian Tower | 1 | |
| Graveyard | 1 | |
| Halls of the Dead | 1 | |
| Tomb of Relics | 1 | |
| Temple of the Damned | 3 | |
| Black Citadel | 1 | |
| Boneyard | 2 | |
| Spirit Tower | 5 | |
22 total
» build order
00:11 Ziggurat
00:22 Crypt
00:25 Altar of Darkness
01:06 Nerubian Tower
02:17 Graveyard
02:36 Halls of the Dead
03:07 Ziggurat
03:13 Ziggurat
03:24 Tomb of Relics
04:58 Temple of the Damned
05:01 Temple of the Damned
05:04 Temple of the Damned
05:30 Black Citadel
09:22 Ziggurat
10:08 Boneyard
10:09 Boneyard
10:19 Ziggurat
11:42 Spirit Tower
11:42 Spirit Tower
18:31 Spirit Tower
18:31 Spirit Tower
» items
Rush_Limbaugh (
red | 32 APM | 1208 actions | 37:42)
3 Archmage
1 Summon Water Elemental
2 Brilliance Aura
1 Death Knight
1 Unholy Aura
2 Lich
2 Frost Armor
» actions
| Assign group hotkey | 4 | |
| Basic commands | 3 | |
| Build / train | 59 | |
| Enter build submenu | 24 | |
| Enter hero's abilities submenu | 5 | |
| Remove unit from queue | 6 | |
| Right click | 382 | |
| Select / deselect | 255 | |
| Select group hotkey | 398 | |
| Use ability | 71 | |
1208 total
» units
| Peasant | 6 | |
| Footman | 7 | |
| Priest | 2 | |
| Sorceress | 4 | |
| Siege Engine | 4 | |
| Crypt Fiend | 1 | |
| Obsidian Statue | 1 | |
| Spell Breaker | 3 | |
| Mortar Team | 1 | |
| Frost Wyrm | 1 | |
30 total
» upgrades
| Plating | 1 | |
| Priest Training | 2 | |
| Sorceress Training | 1 | |
| Gunpowder | 1 | |
| Barrage | 1 | |
| Masonry | 1 | |
7 total
» buildings
| Altar of Kings | 2 | |
| Farm | 12 | |
| Barracks | 1 | |
| Scout Tower | 1 | |
| Arcane Tower | 1 | |
| Blacksmith | 1 | |
| Keep | 1 | |
| Arcane Vault | 1 | |
| Castle | 1 | |
| Arcane Sanctum | 1 | |
| Workshop | 1 | |
| Lumber Mill | 1 | |
24 total
» build order
00:09 Altar of Kings
00:15 Farm
00:43 Barracks
01:01 Farm
01:35 Scout Tower
01:47 Farm
02:08 Arcane Tower
02:33 Farm
03:31 Blacksmith
04:21 Keep
06:02 Arcane Vault
06:54 Castle
07:26 Arcane Sanctum
08:46 Workshop
09:26 Farm
10:04 Farm
10:09 Lumber Mill
10:51 Farm
14:00 Farm
14:43 Farm
15:47 Altar of Kings
16:29 Farm
17:27 Farm
17:32 Farm
» items
| Scroll of Regeneration | 1 | |
| Scroll of Town Portal | 2 | |
| Staff of Teleportation | 1 | |
| Healing Salve | 1 | |
| Potion of Lesser Invulnerability | 1 | |
6 total

»
NukeBaltimore (
green | 93 APM | 839 actions | 09:03)
3 Death Knight
2 Death Coil
1 Unholy Aura
1 Lich
1 Frost Nova
» actions
| Assign group hotkey | 54 | |
| Basic commands | 18 | |
| Build / train | 32 | |
| Enter build submenu | 11 | |
| Enter hero's abilities submenu | 4 | |
| Right click | 367 | |
| Select / deselect | 173 | |
| Select group hotkey | 128 | |
| Use ability | 52 | |
839 total
» units
| Acolyte | 2 | |
| Ghoul | 3 | |
| Crypt Fiend | 5 | |
| Forest Troll Berserker | 1 | |
| Obsidian Statue | 1 | |
12 total
» upgrades
» buildings
| Graveyard | 1 | |
| Crypt | 1 | |
| Ziggurat | 4 | |
| Altar of Darkness | 1 | |
| Nerubian Tower | 1 | |
| Tomb of Relics | 1 | |
| Halls of the Dead | 4 | |
| Slaughterhouse | 1 | |
| Black Citadel | 1 | |
| Sacrificial Pit | 1 | |
16 total
» build order
00:09 Graveyard
00:10 Crypt
00:39 Ziggurat
00:58 Altar of Darkness
01:33 Nerubian Tower
01:54 Tomb of Relics
02:03 Ziggurat
03:52 Halls of the Dead
03:52 Halls of the Dead
03:53 Halls of the Dead
04:07 Ziggurat
04:49 Ziggurat
06:50 Slaughterhouse
07:39 Black Citadel
08:57 Sacrificial Pit
» items
MOUSE.ROUSE (
orange | 53 APM | 1988 actions | 37:42)
5 Blademaster
3 Wind Walk
2 Critical Strike
1 Shadow Hunter
1 Hex
» actions
| Assign group hotkey | 55 | |
| Basic commands | 18 | |
| Build / train | 50 | |
| Enter build submenu | 23 | |
| Enter hero's abilities submenu | 6 | |
| Give item / drop item | 4 | |
| Right click | 937 | |
| Select / deselect | 171 | |
| Select group hotkey | 601 | |
| Use ability | 123 | |
1988 total
» units
» upgrades
| Ranged Weapons | 2 | |
| Armor | 2 | |
| Reinforced Defenses | 1 | |
| Envenomed Spears | 1 | |
| Ensnare | 1 | |
7 total
» buildings
| Altar of Storms | 1 | |
| Orc Burrow | 7 | |
| War Mill | 1 | |
| Voodoo Lounge | 1 | |
| Watch Tower | 22 | |
| Stronghold | 2 | |
| Fortress | 1 | |
| Beastiary | 2 | |
37 total
» build order
00:08 Altar of Storms
00:22 Orc Burrow
00:39 War Mill
01:15 Voodoo Lounge
01:56 Watch Tower
02:11 Watch Tower
03:08 Stronghold
03:08 Stronghold
03:15 Watch Tower
03:30 Orc Burrow
03:44 Watch Tower
04:06 Orc Burrow
05:01 Orc Burrow
05:06 Watch Tower
05:57 Fortress
06:04 Beastiary
06:35 Beastiary
06:53 Watch Tower
07:22 Watch Tower
12:05 Watch Tower
12:06 Watch Tower
12:06 Watch Tower
12:07 Watch Tower
12:08 Watch Tower
12:08 Watch Tower
12:09 Watch Tower
12:10 Watch Tower
13:57 Watch Tower
13:57 Watch Tower
15:49 Watch Tower
15:49 Watch Tower
15:50 Watch Tower
15:51 Watch Tower
15:51 Watch Tower
18:21 Orc Burrow
18:21 Orc Burrow
18:21 Orc Burrow
» items
| Healing Salve | 3 | |
| Lesser Clarity Potion | 5 | |
| Staff of Teleportation | 2 | |
| Orb of Lightning | 1 | |
| Potion of Mana | 2 | |
| Boots of Speed | 2 | |
| Potion of Lesser Invulnerability | 1 | |
16 total
team 2 (loser)
olympicman (
teal | 28 APM | 1061 actions | 37:42)
7 Tauren Chieftain
3 War Stomp
3 Endurance Aura
1 Reincarnation
» actions
| Assign group hotkey | 12 | |
| Basic commands | 1 | |
| Build / train | 55 | |
| Enter build submenu | 12 | |
| Enter hero's abilities submenu | 7 | |
| Give item / drop item | 2 | |
| Right click | 462 | |
| Select / deselect | 195 | |
| Select group hotkey | 258 | |
| Use ability | 57 | |
1061 total
» units
| Peon | 12 | |
| Troll Headhunter/Berserker | 15 | |
27 total
» upgrades
| Armor | 2 | |
| Ranged Weapons | 2 | |
| Troll Regeneration | 1 | |
| Berserker Upgrade | 1 | |
6 total
» buildings
| Orc Burrow | 6 | |
| Altar of Storms | 1 | |
| War Mill | 2 | |
| Barracks | 2 | |
| Voodoo Lounge | 1 | |
| Stronghold | 1 | |
| Fortress | 1 | |
14 total
» build order
00:16 Orc Burrow
00:20 Altar of Storms
01:02 War Mill
01:18 Barracks
02:02 Barracks
02:18 Orc Burrow
02:49 Orc Burrow
04:23 Voodoo Lounge
04:47 Stronghold
05:36 Orc Burrow
07:27 Fortress
09:27 War Mill
11:01 Orc Burrow
11:04 Orc Burrow
» items
| Healing Salve | 3 | |
| Scroll of Town Portal | 3 | |
| Lesser Clarity Potion | 1 | |
| Orb of Lightning | 1 | |
| Potion of Healing | 3 | |
| Potion of Mana | 1 | |
12 total

»
snakeplisken (
yellow | 40 APM | 1500 actions | 37:42)
6 Blademaster
2 Wind Walk
3 Critical Strike
1 Bladestorm
» actions
| Assign group hotkey | 24 | |
| Basic commands | 104 | |
| Build / train | 66 | |
| Enter build submenu | 20 | |
| Enter hero's abilities submenu | 6 | |
| Give item / drop item | 4 | |
| Right click | 800 | |
| Select / deselect | 262 | |
| Select group hotkey | 130 | |
| Use ability | 84 | |
1500 total
» units
| Peon | 7 | |
| Grunt | 10 | |
| Troll Headhunter/Berserker | 2 | |
| Shaman | 5 | |
24 total
» upgrades
| Melee Weapons | 2 | |
| Armor | 1 | |
| Ranged Weapons | 1 | |
| Shaman Training | 2 | |
| Berserker Strength | 1 | |
| Pillage | 1 | |
| Witch Doctor Training | 1 | |
9 total
» buildings
| Altar of Storms | 1 | |
| Orc Burrow | 5 | |
| Barracks | 2 | |
| War Mill | 1 | |
| Voodoo Lounge | 1 | |
| Stronghold | 1 | |
| Fortress | 1 | |
| Spirit Lodge | 3 | |
| Beastiary | 2 | |
| Great Hall | 1 | |
18 total
» build order
00:04 Altar of Storms
00:09 Orc Burrow
01:05 Barracks
01:57 Orc Burrow
02:02 Barracks
02:07 War Mill
04:15 Orc Burrow
05:06 Voodoo Lounge
05:13 Orc Burrow
06:28 Stronghold
08:59 Fortress
09:04 Spirit Lodge
09:07 Spirit Lodge
09:54 Spirit Lodge
16:57 Beastiary
17:04 Beastiary
18:52 Orc Burrow
18:57 Great Hall
» items
| Boots of Speed | 1 | |
| Healing Salve | 4 | |
| Lesser Clarity Potion | 8 | |
| Scroll of Speed | 3 | |
| Scroll of Town Portal | 2 | |
| Potion of Healing | 6 | |
24 total
BuddyTheElf (
pink | 38 APM | 1416 actions | 37:42)
7 Archmage
3 Summon Water Elemental
3 Brilliance Aura
1 Mass Teleport
» actions
| Assign group hotkey | 49 | |
| Basic commands | 113 | |
| Build / train | 75 | |
| Enter build submenu | 48 | |
| Enter hero's abilities submenu | 7 | |
| Give item / drop item | 10 | |
| Right click | 461 | |
| Select / deselect | 352 | |
| Select group hotkey | 198 | |
| Use ability | 103 | |
1416 total
» units
| Peasant | 13 | |
| Footman | 4 | |
| Gryphon Rider | 11 | |
28 total
» upgrades
| Lumber Harvesting | 2 | |
| Masonry | 3 | |
| Swords | 3 | |
| Armor | 3 | |
| Storm Hammers | 1 | |
| Animal War Training | 1 | |
13 total
» buildings
| Altar of Kings | 1 | |
| Barracks | 1 | |
| Farm | 5 | |
| Keep | 1 | |
| Lumber Mill | 2 | |
| Arcane Vault | 2 | |
| Castle | 1 | |
| Gryphon Aviary | 3 | |
| Blacksmith | 2 | |
| Town Hall | 2 | |
| Scout Tower | 28 | |
| Guard Tower | 11 | |
59 total
» build order
00:51 Altar of Kings
00:52 Barracks
00:54 Farm
00:56 Farm
01:04 Farm
01:37 Farm
03:17 Keep
03:32 Lumber Mill
04:02 Arcane Vault
05:41 Castle
07:35 Gryphon Aviary
07:35 Gryphon Aviary
07:36 Gryphon Aviary
07:44 Blacksmith
07:47 Blacksmith
07:51 Town Hall
07:57 Scout Tower
07:59 Scout Tower
08:02 Scout Tower
08:03 Scout Tower
08:07 Scout Tower
08:08 Scout Tower
08:15 Arcane Vault
08:19 Scout Tower
08:24 Scout Tower
08:33 Guard Tower
09:00 Guard Tower
09:19 Guard Tower
09:25 Guard Tower
10:10 Lumber Mill
10:44 Farm
15:53 Scout Tower
15:53 Scout Tower
15:54 Scout Tower
15:57 Scout Tower
15:58 Scout Tower
16:03 Scout Tower
16:04 Scout Tower
16:28 Guard Tower
16:36 Guard Tower
16:45 Guard Tower
18:35 Scout Tower
18:37 Scout Tower
18:38 Scout Tower
18:39 Scout Tower
18:41 Scout Tower
18:42 Scout Tower
18:44 Scout Tower
18:46 Scout Tower
19:39 Guard Tower
21:09 Guard Tower
22:54 Town Hall
23:30 Scout Tower
23:33 Scout Tower
23:36 Scout Tower
23:40 Scout Tower
23:43 Scout Tower
24:02 Guard Tower
24:28 Guard Tower
» items
| Scroll of Regeneration | 4 | |
| Mechanical Critter | 2 | |
| Scroll of Town Portal | 2 | |
| Potion of Healing | 1 | |
| Periapt of Vitality | 2 | |
| Potion of Lesser Invulnerability | 1 | |
| Staff of Teleportation | 1 | |
13 total
TheProfessionaI (
purple | 99 APM | 3694 actions | 37:17)
7 Mountain King
3 Storm Bolt
3 Bash
1 Avatar
» actions
| Assign group hotkey | 173 | |
| Basic commands | 190 | |
| Build / train | 214 | |
| Enter build submenu | 56 | |
| Enter hero's abilities submenu | 7 | |
| Give item / drop item | 9 | |
| Right click | 1526 | |
| Select / deselect | 407 | |
| Select group hotkey | 954 | |
| Use ability | 158 | |
3694 total
» units
| Peasant | 20 | |
| Footman | 8 | |
| Rifleman | 10 | |
| Mortar Team | 13 | |
51 total
» upgrades
| Swords | 2 | |
| Masonry | 3 | |
| Gunpowder | 3 | |
| Long Rifles | 1 | |
| Armor | 3 | |
| Lumber Harvesting | 2 | |
| Fragmentation Shards | 1 | |
| Flare | 1 | |
| Animal War Training | 1 | |
| Defend | 1 | |
| Plating | 1 | |
| Flak Cannons | 1 | |
| Barrage | 1 | |
| Flying Machine Bombs | 1 | |
| Backpack | 1 | |
23 total
» buildings
| Altar of Kings | 1 | |
| Barracks | 1 | |
| Farm | 13 | |
| Lumber Mill | 1 | |
| Arcane Vault | 1 | |
| Blacksmith | 1 | |
| Keep | 3 | |
| Scout Tower | 34 | |
| Guard Tower | 76 | |
| Workshop | 2 | |
| Castle | 2 | |
| Town Hall | 1 | |
136 total
» build order
00:39 Altar of Kings
00:42 Barracks
00:52 Farm
01:06 Farm
01:33 Lumber Mill
01:38 Farm
02:05 Farm
02:28 Farm
02:51 Arcane Vault
03:12 Farm
04:11 Blacksmith
04:12 Keep
04:12 Keep
05:52 Scout Tower
05:53 Scout Tower
05:54 Scout Tower
05:57 Scout Tower
06:25 Guard Tower
06:25 Guard Tower
06:26 Guard Tower
08:52 Workshop
08:53 Workshop
09:00 Scout Tower
09:03 Scout Tower
09:33 Guard Tower
09:33 Guard Tower
09:34 Guard Tower
10:06 Farm
10:08 Farm
10:09 Farm
10:38 Castle
13:15 Town Hall
13:17 Scout Tower
13:18 Scout Tower
13:19 Scout Tower
13:20 Scout Tower
13:47 Guard Tower
13:47 Guard Tower
14:02 Guard Tower
14:02 Guard Tower
14:02 Guard Tower
14:03 Guard Tower
14:03 Guard Tower
14:03 Guard Tower
14:03 Guard Tower
14:07 Scout Tower
14:09 Scout Tower
14:24 Guard Tower
14:24 Guard Tower
14:25 Guard Tower
15:19 Guard Tower
15:19 Guard Tower
15:20 Guard Tower
15:21 Scout Tower
15:22 Scout Tower
15:26 Scout Tower
15:29 Scout Tower
15:47 Guard Tower
15:47 Guard Tower
15:47 Guard Tower
16:00 Guard Tower
16:00 Guard Tower
16:06 Guard Tower
16:07 Guard Tower
16:08 Guard Tower
18:15 Scout Tower
18:16 Scout Tower
18:17 Scout Tower
18:18 Scout Tower
18:19 Scout Tower
18:21 Scout Tower
18:46 Guard Tower
18:46 Guard Tower
18:47 Guard Tower
18:51 Scout Tower
18:51 Scout Tower
18:52 Scout Tower
18:56 Guard Tower
19:25 Guard Tower
19:25 Guard Tower
19:25 Guard Tower
19:25 Guard Tower
20:11 Guard Tower
20:11 Guard Tower
20:11 Guard Tower
22:33 Farm
22:34 Farm
25:49 Farm
25:50 Farm
25:51 Scout Tower
25:52 Scout Tower
25:53 Scout Tower
25:56 Scout Tower
30:30 Guard Tower
30:30 Guard Tower
32:03 Scout Tower
32:04 Scout Tower
32:06 Scout Tower
32:07 Scout Tower
32:08 Scout Tower
32:36 Guard Tower
32:37 Guard Tower
32:37 Guard Tower
32:41 Guard Tower
32:42 Guard Tower
32:42 Guard Tower
32:44 Guard Tower
32:44 Guard Tower
32:46 Guard Tower
32:46 Guard Tower
32:48 Guard Tower
32:48 Guard Tower
32:48 Guard Tower
» items
| Boots of Speed | 1 | |
| Scroll of Regeneration | 4 | |
| Lesser Clarity Potion | 3 | |
| Potion of Mana | 1 | |
| Potion of Healing | 1 | |
| Scroll of Town Portal | 4 | |
| Staff of Teleportation | 1 | |
15 total
Chat log
(00:05 / All) TheProfessionaI: loadhack blue
(00:10 / All) TheProfessionaI: or 1999 PC blue
(04:59 / Allies) BuddyTheElf: back teal
(05:20 / Allies) olympicman: then dont play by me all game
(05:24 / Allies) BuddyTheElf: k
(05:38 / Allies) BuddyTheElf: thx for backing off
(08:29 / Allies) BuddyTheElf: lumbers?
(09:12 / Allies) BuddyTheElf: lumbers
(13:05 / Allies) BuddyTheElf: dis map sux for lumbs
(13:41 / All) MomoiroMizrahi: we gonan lose
(13:46 / All) MomoiroMizrahi: thanks to this bastard
(14:32 / All) MOUSE.ROUSE: little quick on that burrowing teal
(14:36 / All) MOUSE.ROUSE: if i was a betting man id say u mh
(16:04 / Allies) TheProfessionaI: Gold me a little pink
(16:13 / Allies) TheProfessionaI: thanks
(16:25 / Allies) BuddyTheElf: lumbers
(16:38 / Allies) BuddyTheElf: thx yall
(16:44 / Allies) olympicman: let mine go
(16:54 / Allies) BuddyTheElf: I'll hit red's base
(18:39 / Allies) olympicman: tp there
(19:26 / All) MOUSE.ROUSE: bad boy yellow
(20:15 / All) MomoiroMizrahi: next!
(21:07 / All) TheProfessionaI: ownage
(21:15 / All) MOUSE.ROUSE: teal is hacking 100%
(21:27 / Allies) olympicman: ok
(21:50 / All) TheProfessionaI: Pink
(21:53 / All) TheProfessionaI: do you think teal is a hacker?
(21:58 / All) olympicman: thats why my base is dead
(23:56 / All) olympicman: pink tp in
(24:04 / All) MOUSE.ROUSE: lawl
(24:10 / Allies) TheProfessionaI: go
(24:18 / Allies) BuddyTheElf: too risky
(25:27 / All) olympicman: what the hell p[urp
(25:29 / All) TheProfessionaI: hacker down
(25:38 / All) Rush_Limbaugh: ty
(25:45 / All) olympicman: im no hacker piece of shit
(26:05 / All) olympicman: pink killl purp for me
(26:15 / All) TheProfessionaI: lol
(26:30 / All) olympicman: he apiece of shit
(26:45 / All) BuddyTheElf: I need to hear both sides of the story
(26:49 / All) BuddyTheElf: what happened
(26:58 / All) olympicman: team killer
(27:28 / All) TheProfessionaI: Teal is a maphacker
(27:30 / All) TheProfessionaI: so I killed him
(27:35 / All) olympicman: i wish
(27:55 / All) olympicman: dude i dont no what micro means
(28:10 / All) TheProfessionaI: tiny
(28:13 / All) BuddyTheElf: let bygones be bygones guys
(28:14 / All) TheProfessionaI: like micropenis, yours
(28:15 / All) BuddyTheElf: let's win this
(28:21 / All) olympicman: haha
(28:41 / All) olympicman: people who say other people have a small penis has one there self
(28:54 / All) olympicman: tinydick
(28:54 / All) TheProfessionaI: I have a mighty 7 incher
(29:10 / All) olympicman: thats small
(29:35 / All) TheProfessionaI: it's like 96th percentile but ok
(29:41 / All) BuddyTheElf: Mine's 6 inches, but no girls has complained so far ( geddit? hehehe)
(31:33 / All) TheProfessionaI: NICE
(31:33 / All) MOUSE.ROUSE: lawl
(31:44 / All) TheProfessionaI: Haven't seen a bm raped that hard before
(31:45 / All) BuddyTheElf: let's call a truce between teh clasn?
(31:57 / All) BuddyTheElf: Orange, Purple
(32:00 / All) BuddyTheElf: I promise you no harm!
(32:02 / All) MOUSE.ROUSE: i am a part of mance raydars clan so yes
(32:04 / All) MOUSE.ROUSE: truce
(32:14 / All) BuddyTheElf: Let you farm your lands for all eternity, and I mine own, for all eternity!
(32:19 / All) BuddyTheElf: Peace between teh clans!
(34:08 / All) MOUSE.ROUSE: standoff i say
(34:12 / All) BuddyTheElf: Aye
(34:25 / All) MOUSE.ROUSE: red says he'll leave wc3 on all night pretty much. hes a trooper
(34:45 / All) MOUSE.ROUSE: see red they arekilling their stuff
(35:26 / All) MOUSE.ROUSE: they will, but a very good point you make
(35:32 / All) MOUSE.ROUSE: blue and yellow will be left with no units
(36:10 / All) MOUSE.ROUSE: well its a standoff. both side will have no units. thats why i asked you would you be willing to leave wc3 on all night
(36:31 / All) MOUSE.ROUSE: watch pink will have no farms
(36:32 / All) MOUSE.ROUSE: or hall
(36:58 / All) MOUSE.ROUSE: are these terms fair , red?
(37:09 / All) TheProfessionaI: gOOD LUCK, EVERYONE!
(37:12 / All) BuddyTheElf: All these golds will be lost to time, like tears in rain
(37:14 / All) BuddyTheElf: Time to die
(37:14 / All) TheProfessionaI: LET IT BEGIM LET IT BEGIN!
(37:17 / All) MOUSE.ROUSE: it stays on
(37:30 / All) MOUSE.ROUSE: the outcome is up to you, red